 Dungeon Crawl Stone Soup version 0.31-a0-1009-g454b1f1e0a (webtiles) character file.

Game seed: 6087874283685538422

2608 BinkBink the Basher (level 9, -5/80 HPs)
             Began as a Minotaur Fighter on Nov 16, 2023.
             Was a Follower of Okawaru.
             Slain by a sky beast (6 damage)
             ... on level 7 of the Dungeon.
             The game lasted 00:07:08 (6167 turns).

BinkBink the Basher (Minotaur Fighter)              Turns: 6167, Time: 00:07:08

Health: -5/80      AC: 14    Str: 25    XL:     9   Next: 33%
Magic:  8/8        EV: 12    Int:  5    God:    Okawaru [*.....]
Gold:   541        SH:  5    Dex: 10    Spells: 8/8 levels left

rFire   . . .        B - +2 flail (holy)
rCold   + . .        c - +0 buckler
rNeg    . . .        x - +0 plate armour
rPois   .            (helmet restricted)
rElec   .            (no cloak)
rCorr   .            (no gloves)
SInv    .            l - +0 pair of boots
Will    .....        (no amulet) Stlth
                     n - ring of protection from cold
HPRegen 0.33/turn    o - +5 ring of evasion
MPRegen 0.11/turn

%: no passive effects
@: mighty, mesmerised
A: horns 2, retaliatory headbutt
a: Renounce Religion, Heroism


You were on level 7 of the Dungeon.
You worshipped Okawaru.
Okawaru was aware of your devotion.
You visited 2 branches of the dungeon, and saw 8 of its levels.
You also visited: Ossuary.

You collected 541 gold pieces.

Inventory:

Hand Weapons
 a - a +0 flail
 B - a +2 flail of holy wrath (weapon)
Armour
 c - a +0 buckler (worn)
 l - a +0 pair of boots (worn)
 x - a +0 plate armour (worn)
Jewellery
 n - a ring of protection from cold (left hand)
 o - a +5 ring of evasion (right hand)
 F - an amulet of the acrobat
Wands
 r - a wand of charming (8)
 v - a wand of acid (9)
Scrolls
 f - 2 scrolls of blinking {unknown}
 h - 2 scrolls of butterflies {unknown}
 i - 5 scrolls of identify {unknown}
 p - a scroll of enchant weapon {unknown}
 q - a scroll of torment {unknown}
 t - a scroll of silence {unknown}
 u - a scroll of teleportation {unknown}
 w - 2 scrolls of fear {unknown}
 y - 2 scrolls of amnesia {unknown}
 z - 2 scrolls of immolation {unknown}
 C - a scroll of enchant armour {unknown}
 E - 2 scrolls of fog {unknown}
 J - a scroll of vulnerability {unknown}
 K - a scroll of poison {unknown}
Potions
 b - 2 potions of attraction {unknown}
 e - a potion of ambrosia {unknown}
 g - a potion of degeneration {unknown}
 j - 3 potions of heal wounds {unknown}
 k - a potion of magic {unknown}
 m - 3 potions of haste {unknown}
 s - 2 potions of curing {unknown}
 A - 2 potions of resistance {unknown}
 D - a potion of mutation {unknown}
 G - a potion of lignification {unknown}
 H - 2 potions of brilliance {unknown}
 I - a potion of enlightenment {unknown}


   Skills:
 + Level 7.7 Fighting
 * Level 10.0 Maces & Flails
 + Level 7.7 Armour
 + Level 7.7 Shields


You had 8 spell levels left.
You didn't know any spells.
Your spell library contained the following spells:

 Spells                   Type           Power      Damage    Failure   Level
 Ensorcelled Hibernation  Hex/Ice        0%         N/A       100%        2
 Passwall                 Tmut/Erth      0%         N/A       100%        2
 Dazzling Flash           Conj/Hex       0%         N/A       100%        3
 Ozocubu's Armour         Ice            0%         N/A       100%        3
 Swiftness                Air            0%         N/A       100%        3
 Volatile Blastmotes      Fire/Tloc      0%         2d10      100%        3
 Metabolic Englaciation   Hex/Ice        0%         N/A       100%        5
 Starburst                Conj/Fire      0%         6d3       100%        6
 Maxwell's Capacitive Co  Air            0%         ∞         100%        8
 Simulacrum               Ice/Necr       Unusable   N/A       N/A         6

Dungeon Overview and Level Annotations

Branches:
Dungeon (7/15)             Temple (1/1) D:4         Ossuary (visited)

Altars:
Ashenzari
Dithmenos
Elyvilon
Fedhas
Gozag
Hepliaklqana
Makhleb
Okawaru
Qazlal
Sif Muna
Trog
Vehumet
Wu Jian
Xom
Yredelemnul
Zin
The Shining One

Shops:
D:4 ==   D:5 (

Annotations:
D:5 3 runed translucent doors, Descartes's ghost, amateur FeSh
D:7 Maggie
Temple 2 transporters


Innate Abilities, Weirdness & Mutations

You have a pair of horns on your head.
You reflexively headbutt those who attack you in melee.


Message History

You block the iguana's attack.
Unknown command.
You hit Maggie. Your headbutt misses Maggie.
Maggie is severely wounded.
Maggie hits you but does no damage. Something hits you but does no damage.
The iguana bites you but does no damage.
You closely miss Maggie.
Maggie is severely wounded.
Maggie hits you with a +1 long sword of flaming.
Maggie burns you. Something hits you but does no damage.
The iguana closely misses you.
Unknown command.
You closely miss Maggie. You headbutt Maggie, but do no damage.
Maggie is severely wounded.
Maggie hits you but does no damage. You block something's attack.
The iguana bites you!
You completely miss Maggie. You headbutt Maggie, but do no damage.
Maggie is severely wounded.
Maggie hits you but does no damage. Something hits you but does no damage.
The iguana bites you!
You barely miss Maggie.
Maggie is severely wounded.
Maggie hits you but does no damage. Something hits you but does no damage.
The iguana bites you.
You sock Maggie!
Maggie is almost dead.
Maggie hits you with a +1 long sword of flaming!
* * * LOW HITPOINT WARNING * * *
Maggie burns you.
* * * LOW HITPOINT WARNING * * *
You block something's attack. You block the iguana's attack.
You feel very mighty all of a sudden.
Maggie hits you with a +1 long sword of flaming!
* * * LOW HITPOINT WARNING * * *
Maggie burns you.
* * * LOW HITPOINT WARNING * * *
Something hits you.
* * * LOW HITPOINT WARNING * * *
Something shocks you.
You die...

#.... #.....8. #....
#...... #.... #......
#.... #.....8 #....
#....# #....
..##....############....
......{l..........^.....
....(..@.....)..........
......@.................
########################


You could see Maggie (mesmerising) and an iguana.

Vanquished Creatures
  A wyvern (D:6)
  A steam dragon (D:7)
  Edmund (D:5)
  3 ice beasts
  A black bear (D:5)
  2 ogres
  An orc warrior (D:7)
  A centaur (D:6)
  A phantom (D:6)
  2 bullfrogs
  A gnoll sergeant (D:5)
  3 scorpions
  3 killer bees (D:6)
  A howler monkey (D:5)
  3 hounds
  A jelly (D:5)
  A gnoll bouda (D:5)
  4 orc priests
  7 iguanas
  3 orc wizards
  A scorpion zombie (D:3)
  9 mummies
  3 gnolls (D:2)
  8 adders
  3 shadow imps (D:5)
  3 white imps
  4 ufetubi (D:6)
  A worm (D:4)
  2 dart slugs
  8 orcs
  4 ball pythons
  4 bats
  8 endoplasms
  2 giant cockroaches
  5 goblins
  4 hobgoblins
  2 quokkas
  A ball python zombie (D:3)
  4 frilled lizards
  2 gnoll zombies (Ossuary)
  8 kobolds
  2 kobold zombies (Ossuary)
  4 orc zombies (Ossuary)
  6 rats
139 creatures vanquished.

Vanquished Creatures (others)
  A black bear (D:5)
  A scorpion (D:5)
  An iguana (D:5)
  An ufetubus (D:5)
4 creatures vanquished.

Grand Total: 143 creatures vanquished

Notes
Turn   | Place    | Note
-------+----------+-------------------------------------------
     0 | D:1      | BinkBink the Minotaur Fighter began the quest for the Orb.
     0 | D:1      | Reached XP level 1. HP: 19/19 MP: 0/0
   243 | D:1      | Reached XP level 2. HP: 27/27 MP: 1/1
   579 | D:1      | Reached skill level 3 in Maces & Flails
  1092 | D:2      | Reached XP level 3. HP: 23/33 MP: 2/2
  1308 | D:2      | Reached XP level 4. HP: 36/40 MP: 3/3
  1583 | D:2      | Found a broken altar of Ashenzari.
  1829 | D:3      | Reached skill level 4 in Maces & Flails
  1924 | D:3      | Found a shadowy altar of Dithmenos.
  2090 | D:3      | Found a basalt altar of Yredelemnul.
  2536 | D:4      | Reached XP level 5. HP: 47/47 MP: 4/4
  2539 | D:4      | Found Xisomnog's Jewellery Emporium.
  2562 | D:4      | Found a glowing golden altar of the Shining One.
  2749 | D:4      | Found Ufruse's Jewellery Boutique.
  2763 | D:4      | Found a staircase to the Ecumenical Temple.
  2787 | Temple   | Found a transporter.
  2787 | Temple   | Found a transporter.
  2787 | Temple   | Found a transporter.
  2787 | Temple   | Found a transporter.
  2787 | Temple   | Entered the Ecumenical Temple
  2912 | D:4      | Reached skill level 5 in Maces & Flails
  2976 | D:5      | Entered Level 5 of the Dungeon
  2976 | D:5      | Found Dolin's Weapon Shop.
  2985 | D:5      | Reached XP level 6. HP: 46/55 MP: 5/5
  3049 | D:5      | Noticed an ice beast
  3069 | D:5      | Noticed Edmund
  3087 | D:5      | Killed Edmund
  3088 | D:5      | Reached skill level 5 in Fighting
  3088 | D:5      | Reached skill level 5 in Armour
  3088 | D:5      | Reached skill level 5 in Shields
  3241 | D:5      | Reached skill level 6 in Maces & Flails
  3251 | D:5      | Killed an ice beast
  3252 | D:5      | Reached XP level 7. HP: 35/61 MP: 6/6
  3403 | D:5      | Found a shimmering altar of Xom.
  3586 | D:5      | Reached skill level 7 in Maces & Flails
  3813 | D:5      | Found a runed translucent gate.
  3814 | D:5      | Found a runed translucent gate.
  3814 | D:5      | Identified the +10 short sword of the Pit {vamp, Fragile
                  | rC++ Str+3}
  3815 | D:5      | Found a runed translucent gate.
  3815 | D:5      | Noticed Descartes's ghost (amateur FeSh)
  3863 | D:5      | Reached XP level 8. HP: 70/70 MP: 7/7
  4455 | D:6      | Reached skill level 8 in Maces & Flails
  4501 | D:6      | Found an iron altar of Okawaru.
  4572 | D:6      | Became a worshipper of Warmaster Okawaru
  4830 | D:6      | Reached skill level 9 in Maces & Flails
  4879 | D:6      | Found a sand-covered staircase.
  4886 | Ossuary  | Entered an ossuary
  5308 | D:6      | Reached XP level 9. HP: 78/79 MP: 8/8
  5348 | D:6      | Found Tocsamm's General Store.
  5922 | D:6      | Reached * piety under Okawaru
  6004 | D:7      | Reached skill level 10 in Maces & Flails
  6147 | D:7      | Noticed Maggie
  6167 | D:7      | HP: 2/80 [Maggie/+1 long sword of flaming (3)]
  6167 | D:7      | Slain by a sky beast

Illustrated notes

Levels and vault maps discovered:
D:1:      sevenhm_arrival_forest_fort_small_3, layout_basic, serial_bayou,
          serial_bayou_shore_a, serial_bayou_shore_b, serial_bayou_lagoon_a,
          serial_bayou_ford_a, serial_bayou_pond_e, serial_bayou_crossing,
          minmay_statues_item
D:2:      layout_basic, basic_altar, corner_web_ring, nicolae_half_adder
D:3:      layout_loops_ring, nicolae_dithmenos_shadow_blocks,
          lemuel_zombie_altar_yredelemnul, minmay_strange_pillars,
          minmay_misc_feat_columns, chequers_serial_rivers_small_a
D:4:      layout_basic, tso_metal_star, minmay_temple_entry_gardened_gates,
          serial_shops, shop, hangedman_abyss_or_decor_passed,
          kennysheep_windowed_goal
D:5:      layout_gridville, xom_confusion_cloud, biasface_ghost_orc_armoury,
          grunt_ministairs_4, nicolae_stop_n_shop_2, uniq_edmund
D:6:      layout_basic, okawaru_ov_weapons_minmay, serial_shops, shop,
          gup_ossuary_entry_pyramid
D:7:      layout_gridville, minitemple, uniq_maggie
Temple:   hellmonk_temple_divided_pantheon

Skill      XL: |  1  2  3  4  5  6  7  8  9 |
---------------+----------------------------+-----
Maces & Flails | 3 4 5 6 7 9 10 | 10.0
Fighting       | 4 5 6 7 |  7.7
Armour         | 4 5 6 7 |  7.7
Shields        | 4 5 6 7 |  7.7

Action                     |  1- 3 |  4- 6 |  7- 9 || total
---------------------------+-------+-------+-------++-------
  Melee: Flail             |    81 |   112 |   203 ||   396
         Headbutt          |     5 |    22 |    49 ||    76
    Use: Potion            |       |     1 |     2 ||     3
 Armour: Scale mail        |    57 |    21 |       ||    78
         Plate armour      |       |    34 |   154 ||   188
  Dodge: Dodged            |    29 |    77 |    84 ||   190
  Block: Buckler           |    18 |    23 |    49 ||    90

Table legend: (Time is in decaauts)
 A = Elapsed time spent in this place.
 B = Non-inter-level travel time spent in this place.
 C = Inter-level travel time spent in this place.
 D = Time resting spent in this place.
 E = Time spent auto-exploring this place.
 F = Levels seen in this place.
 G = Mean time per level.
                   A        B        C        D        E       F      G
               +--------+--------+--------+--------+--------+-----+--------+
         Total |   6262 |   6056 |    206 |    624 |   4363 |   9 |  695.8 |
       Dungeon |   5926 |   5720 |    206 |    624 |   4144 |   7 |  846.6 |
        Temple |      1 |      1 |      0 |      0 |      0 |   1 |    1.0 |
       Ossuary |    334 |    334 |      0 |      0 |    219 |   1 |  334.0 |
               +--------+--------+--------+--------+--------+-----+--------+

Top non-repeatable levels by time:
     D:5: 1372 daAuts
     D:6: 1178 daAuts
     D:1: 1073 daAuts
     D:2: 776 daAuts
     D:3: 746 daAuts
     D:4: 468 daAuts
 Ossuary: 334 daAuts
     D:7: 309 daAuts
  Temple: 1 daAuts
